 Dungeon Crawl Stone Soup version 0.31.0-11-ge490571c62 (webtiles) character file.

Game seed: 13080825832169423663

275 qw the Skirmisher (level 6, -1/36 HPs)
             Began as a Deep Elf Hunter on Feb 3, 2024.
             Succumbed to an orc's poison
             ... on level 4 of the Dungeon.
             The game lasted 00:00:12 (2276 turns).

qw the Skirmisher (Deep Elf Hunter)                 Turns: 2276, Time: 00:00:12

Health: -1/36      AC:  5    Str: 10    XL:     6   Next: 3%
Magic:  8/8        EV: 11    Int: 14    God:
Gold:   201        SH:  0    Dex: 18    Spells: 5/5 levels left

rFire   . . .        a - +1 shortbow
rCold   + . .        (shield currently unavailable)
rNeg    . . .        i - +0 ring mail
rPois   .            (no helmet)
rElec   .            (no cloak)
rCorr   .            (no gloves)
SInv    .            (no boots)
Will    .....        j - amulet of faith
Stlth   +            n - ring of protection from cold
HPRegen 0.26/turn    (no ring)
MPRegen 0.11/turn

%: faith
@: lethally poisoned (-1 -> -11)
A: no striking features
a: no special abilities


You were on level 4 of the Dungeon.
You visited 1 branch of the dungeon, and saw 4 of its levels.

You collected 201 gold pieces.


   Skills:
 - Level 2.4 Fighting
 + Level 9.1 Ranged Weapons
 - Level 2.4 Dodging
 - Level 1.2 Stealth


You had 5 spell levels left.
You didn't know any spells.
Your spell library was empty.

Inventory:

Hand Weapons
 a - a +1 shortbow (weapon)
Armour
 i - a +0 ring mail (worn)
Jewellery
 g - a ring of fire
 j - an amulet of faith (around neck)
 k - an amulet of regeneration
 n - a ring of protection from cold (left hand)
Potions
 d - a potion of resistance {unknown}
 e - 2 potions of curing
 f - a potion of might {unknown}
 h - a potion of magic {unknown}

Dungeon Overview and Level Annotations

Branches:
Dungeon (4/15)
 Temple: D:4-7

Altars:
Kikubaaqudgha
Trog
Xom
Yredelemnul
The Shining One


Message History

You shoot an arrow. The arrow hits the orc wizard!
You kill the orc wizard!
Something hits you but does no damage.
You have reached level 6!
2267 ||| FLEEEEING.
You shoot an arrow. The arrow completely misses the orc.
The arrow hits the orc.
The orc is almost dead.
You hear some strange, mumbled words.
A puff of flame appears from out of thin air!
The puff of flame hits you!
The orc hits you with a +2 whip of venom.
You shoot an arrow. The arrow hits the orc.
The orc is heavily wounded.
Something hits you but does no damage.
The orc hits you with a +2 whip of venom.
You are poisoned.
You shoot an arrow. The arrow barely misses the orc.
You feel sick. Something hits you. The orc hits you but does no damage.
You shoot an arrow. The arrow closely misses the orc.
You feel sick. Something hits you.
The orc hits you with a +2 whip of venom.
You are lethally poisoned!
2272 ||| DRINKING potion of heal wounds.
You feel much better.
You feel very sick.
The orc hits you with a +2 whip of venom.
You are more poisoned.
Something hits you.
You shoot an arrow. The arrow hits the orc!
You kill the orc!
You feel very sick. Something hits you but does no damage.
You shoot an arrow. The arrow closely misses the orc.
You feel very sick. The orc hits you with a +0 falchion. Something hits you.
You shoot an arrow. The arrow barely misses the orc.
You feel very sick. The orc barely misses you. Something hits you.
You shoot an arrow. The arrow closely misses the orc.
You die...

##.# ##.#...... ##)#
#......#.# # ##.#
..#.....#.# ##.#
.......#.## ##.#
#........$. ...#
#........ #### #...%#
....... #{o# #######
###@### .......
#.....# ##### ######
#.....# ..#.# #.....#
#####...# #.....#
.###.......# #.....#
........##.# ###.####
#..#.#.##.####.....#
#...........#..###.##


You could see an orc.

Vanquished Creatures
  A bombardier beetle (D:4)
  2 jellies (D:3)
  An orc priest (D:3)
  An orc wizard (D:4)
  2 gnolls (D:4)
  3 adders
  4 orcs
  13 endoplasms
  A giant cockroach (D:1)
  7 goblins
  2 hobgoblins
  3 jackals (D:2)
  3 quokkas
  8 ball pythons (D:1)
  9 bats
  A frilled lizard (D:2)
  10 kobolds
  6 rats
77 creatures vanquished.

Notes
Turn   | Place    | Note
-------+----------+-------------------------------------------
     0 | D:1      | qw the Deep Elf Hunter began the quest for the Orb.
     0 | D:1      | Reached XP level 1. HP: 12/12 MP: 3/3
     0 | D:1      | 0 ||| qw: Version: 0.3-a-157-g843a77d
     0 | D:1      | 0 ||| qw: Game counter: 3561
     0 | D:1      | 0 ||| qw: Melee chars always use a shield: true
     0 | D:1      | 0 ||| qw: God list: Okawaru
     0 | D:1      | 0 ||| qw: Allow faded altars: false
     0 | D:1      | 0 ||| qw: Do Orc after clearing Dungeon:15 true
     0 | D:1      | 0 ||| qw: Do second Lair branch before Depths: true
     0 | D:1      | 0 ||| qw: Lair rune preference: random
     0 | D:1      | 0 ||| qw: Goals: Normal
     0 | D:1      | 0 ||| PLANNING D:1-11
    90 | D:1      | Found a faded altar of an unknown god.
   101 | D:1      | Reached XP level 2. HP: 16/16 MP: 4/4
   111 | D:1      | Reached skill level 6 in Ranged Weapons
   533 | D:1      | Reached XP level 3. HP: 20/20 MP: 5/5
   565 | D:1      | 565 ||| UPGRADING to +0 ring mail.
   575 | D:1      | 575 ||| DROPPING +0 leather armour.
   576 | D:1      | 576 ||| UPGRADING to amulet of faith.
   581 | D:1      | 581 ||| READING 2 scrolls labelled PAVAGA NETEOBU.
   582 | D:1      | 582 ||| READING scroll labelled ZOVINEL QYRRO.
   582 | D:1      | 582 ||| ENCHANTING +0 shortbow.
   583 | D:1      | 583 ||| DRINKING 2 sapphire potions.
   584 | D:1      | 584 ||| DROPPING scroll of butterflies.
   585 | D:1      | 585 ||| DROPPING scroll of fog.
   748 | D:2      | Reached skill level 7 in Ranged Weapons
   912 | D:2      | 912 ||| FLEEEEING.
   928 | D:2      | 928 ||| FLEEEEING.
   929 | D:2      | 929 ||| FLEEEEING.
   930 | D:2      | 930 ||| FLEEEEING.
   931 | D:2      | 931 ||| FLEEEEING.
   932 | D:2      | 932 ||| FLEEEEING.
   933 | D:2      | 933 ||| STAIRDANCE
   941 | D:1      | 941 ||| READING scroll labelled AGIOSE DYTTIDGH.
   942 | D:1      | 942 ||| READING scroll labelled OSTRAE USTU.
  1209 | D:3      | Reached XP level 4. HP: 25/25 MP: 6/6
  1217 | D:3      | Found a shimmering altar of Xom.
  1217 | D:3      | Found a basalt altar of Yredelemnul.
  1217 | D:3      | Found a bloodstained altar of Trog.
  1217 | D:3      | Found a glowing golden altar of the Shining One.
  1217 | D:3      | Found a bloodstained altar of Trog.
  1217 | D:3      | Found an ancient bone altar of Kikubaaqudgha.
  1223 | D:3      | Reached skill level 8 in Ranged Weapons
  1508 | D:3      | Reached XP level 5. HP: 15/29 MP: 7/7
  1601 | D:3      | Found a bloodstained altar of Trog.
  1954 | D:3      | 1954 ||| DROPPING amulet of guardian spirit.
  1955 | D:3      | 1955 ||| UPGRADING to ring of protection from cold.
  1956 | D:3      | 1956 ||| READING scroll labelled MOUGAO KEXANU.
  1957 | D:3      | 1957 ||| READING scroll labelled QORUSE LUDD.
  1957 | D:3      | 1957 ||| IDENTIFYING purple potion
  1958 | D:3      | 1958 ||| READING scroll labelled CIXUTSI ENANGE.
  1960 | D:3      | 1960 ||| Stepping ~*~*~tactically~*~*~ (cloud).
  2151 | D:4      | Reached skill level 9 in Ranged Weapons
  2182 | D:4      | 2182 ||| FLEEEEING.
  2208 | D:4      | 2208 ||| FLEEEEING.
  2211 | D:4      | 2211 ||| FLEEEEING.
  2267 | D:4      | Reached XP level 6. HP: 32/36 MP: 8/8
  2267 | D:4      | 2267 ||| FLEEEEING.
  2271 | D:4      | HP: 8/36 [orc/+2 whip of venom (4)]
  2272 | D:4      | 2272 ||| DRINKING potion of heal wounds.
  2275 | D:4      | HP: 3/36 [poisoned by an orc]
  2275 | D:4      | HP: 1/36 [something (2)]
  2276 | D:4      | Succumbed to an orc's poison

Levels and vault maps discovered:
D:1:      giann_bridges, layout_basic, shapermc_ecumenical_altar_rom_forum,
          chequers_serial_rivers_large_a, minmay_tall_x
D:2:      wander_river, layout_rooms
D:3:      cheibrodos_fertilizer, layout_loops_ring,
          mainiacjoe_overflow_six_doors_small
D:4:      layout_loops_cross, serial_co_window_serial, co_window_paths_a,
          co_window_of_opportunity_a, co_window_of_opportunity_a,
          co_window_paths_a, co_window_paths_b, co_window_corner_ca,
          co_window_2corner, co_window_cross_2, co_window_2corner,
          co_window_paths_c, co_window_unsneaky_path_a, co_window_sun,
          glass_columns_a, glass_columns_a, glass_columns_a, glass_columns_a,
          item_on_display_a, uniq_eustachio, uniq_grinder

Skill      XL: |  1  2  3  4  5 |
---------------+----------------+-----
Ranged Weapons | 6 7 8 9 |  9.1
Fighting       | 2 |  2.4
Dodging        | |  2.4
Stealth        | |  1.2

Action                     |  1- 3 |  4- 6 || total
---------------------------+-------+-------++-------
   Fire: Shortbow          |   134 |   109 ||   243
    Use: Scroll            |     4 |     3 ||     7
         Potion            |     1 |     1 ||     2
 Armour: Leather armour    |     8 |       ||     8
         Ring mail         |    42 |    39 ||    81
  Dodge: Dodged            |    59 |    31 ||    90

Table legend:
 A = Non-vault XP
 B = Vault XP
 C = Vault XP percentage of total XP
 D = Non-vault monster count
 E = Vault monster count
 F = Vault count percentage of total count
                 A         B        C        D         E       F
            +---------+---------+-------+---------+---------+-------
      Total |     282 |     112 |  28.4 |      59 |      18 |  23.4
            +---------+---------+-------+---------+---------+-------
        D:1 |      35 |       7 |  16.7 |      23 |       4 |  14.8
        D:2 |      34 |       0 |   0.0 |      13 |       0 |   0.0
        D:3 |      77 |     105 |  57.7 |      13 |      14 |  51.9
        D:4 |     136 |       0 |   0.0 |      10 |       0 |   0.0
            +---------+---------+-------+---------+---------+-------
